 Dungeon Crawl Stone Soup version 0.18-a0-128-g78ce890 (webtiles) character file.

28 Proton the Shield-Bearer (level 3, 0/29 HPs)
             Began as a Formicid Fighter on Nov 22, 2015.
             Slain by Natasha (3 damage)
             ... on level 2 of the Dungeon.
             The game lasted 00:01:35 (627 turns).

Proton the Shield-Bearer (Formicid Fighter)          Turns: 627, Time: 00:01:35

Health: 0/29       AC:  6    Str: 21    XL:     3   Next: 27%
Magic:  3/3        EV:  8    Int:  7    God:
Gold:   20         SH:  9    Dex: 10    Spells: 0 memorised, 2 levels left

rFire  . . .     SeeInvis +     a - +0 war axe
rCold  . . .     Clarity  .     b - +0 scale mail
rNeg   . . .     SustAt   .     c - +0 shield
rPois  .         Gourm    .     (helmet unavailable)
rElec  .         Spirit   .     (no cloak)
rCorr  .         Warding  .     (no gloves)
rMut   .         Stasis   +     (no boots)
MR     .....                    (no amulet)
Stlth  ..........               (no ring)
                                l - ring of teleportation (curse)

@: not resistant to hostile enchantments, extremely unstealthy
A: permanent stasis, dig shafts and tunnels, four strong arms, antennae 3
a: Dig, Shaft Self, Evoke Teleportation


You were on level 2 of the Dungeon.
You were not hungry.

You visited 1 branch of the dungeon, and saw 2 of its levels.

You collected 20 gold pieces.

Inventory:

Hand Weapons
 a - a +0 war axe (weapon)
Armour
 b - a +0 scale mail (worn)
 c - a +0 shield (worn)
Jewellery
 l - a cursed ring of teleportation (left hand)
Scrolls
 f - 2 scrolls of blinking {unknown}
 g - 2 scrolls of identify {unknown}
 h - a scroll of fear {unknown}
 m - a scroll of amnesia {unknown}
 n - a scroll of remove curse {unknown}
Potions
 d - 2 potions of might
 i - a potion of magic {unknown}
 j - a potion of brilliance {unknown}
 o - a potion of curing {unknown}
Comestibles
 e - a bread ration
 k - 3 fruits
 p - a meat ration


   Skills:
 + Level 3.5 Fighting
 + Level 2.5 Axes
 + Level 3.6 Armour
 + Level 0.6 Dodging
 + Level 3.8 Shields


You had 2 spell levels left.
You didn't know any spells.

Dungeon Overview and Level Annotations

Branches:
Dungeon (2/15)

Altars:

Annotations:
D:2 Natasha


Innate Abilities, Weirdness & Mutations

You are under a permanent stasis effect.
You can dig through walls and to a lower floor.
Your four strong arms can wield two-handed weapons with a shield.
You have a pair of large antennae on your head (SInv).


Message History

The rat moves out of view.
The crimson imp grins evilly.
A goblin comes into view.
You closely miss Natasha. You block Natasha's attack. Natasha claws you!
You barely miss Natasha. Natasha claws you but does no damage.
You hit Natasha but do no damage. Natasha claws you. Natasha claws you.
You closely miss Natasha. You block Natasha's attack.
You hit Natasha but do no damage. Natasha claws you but does no damage.
You closely miss Natasha.
Natasha stares at you and mumbles some strange words.
The magic dart hits you! You block Natasha's attack.
You barely miss Natasha. Natasha claws you but does no damage.
Your shield prevents you from hitting Natasha.
Natasha stares at you and mumbles some strange words.
The magic dart hits you!
* * * LOW HITPOINT WARNING * * *
You closely miss Natasha. You block Natasha's attack. Natasha claws you.
* * * LOW HITPOINT WARNING * * *
You closely miss Natasha. Natasha claws you.
You die...

{
...##########.#
....[g5h......#
....####@.#####
. {#.#..#
#....# #.#..#
#.#<.# #.####
#. ##


You could see Natasha, a crimson imp and a goblin.

Vanquished Creatures
  A giant gecko (D:1)
  A ball python (D:1)
  A giant cockroach (D:1)
  3 goblins (D:1)
  5 hobgoblins (D:1)
  5 bats (D:1)
  A giant newt (D:1)
  3 kobolds (D:1)
  3 rats (D:1)
23 creatures vanquished.

Notes
Turn   | Place    | Note
--------------------------------------------------------------
     0 | D:1      | Proton the Formicid Fighter began the quest for the Orb.
     0 | D:1      | Reached XP level 1. HP: 18/18 MP: 1/1
   123 | D:1      | Reached XP level 2. HP: 22/24 MP: 2/2
   311 | D:1      | Reached XP level 3. HP: 29/29 MP: 3/3
   612 | D:2      | Noticed Natasha
   627 | D:2      | Slain by Natasha

Vault maps used:
D:1:      onia_arrival_pentagram, kennysheep_crisscross
D:2:      nicolae_overflow_crystal_walls, nemelex_xobeh_ov_fountains_minmay,
          gammafunk_temple_overflow_pools, trog_three_pillars_becter,
          uniq_natasha, uniq_terence, uniq_sigmund

Action                   || total
-------------------------++-------
Melee: War axe           ||    67
